[Event "Early-Titled-Tuesday-Blitz-February-13-2024"]
[Site "Chess.com"]
[Date "2024.02.13"]
[Round "1"]
[White "Hilary46"]
[Black "bylavochka"]
[Result "1-0"]
[WhiteElo "2663"]
[BlackElo "2330"]
[TimeControl "180+1"]
[EndTime "8:08:13 PST"]
[Termination "Hilary46 won on time"]

1. e4 c5 2. Nf3 d6 3. d4 cxd4 4. Nxd4 Nf6 5. Nc3 g6 6. Be3 Bg7 7. f3 Nc6 8. Qd2 O-O 9. O-O-O Nxd4 10. Bxd4 Be6 11. Kb1 Qc7 12. g4 Rfc8 13. h4 Qa5 14. h5 Rxc3 15. Qxc3 Qxa2+ 16. Kc1 Qa1+ 17. Kd2 Qa4 18. Ke1 Rc8 19. b3 Qa2 20. Ra1 Qxc2 21. Qxc2 Rxc2 22. h6 Bf8 23. Rxa7 Bxb3 24. Rxb7 Be6 25.
Rb8 Nd7 26. Rb2 Rc1+ 27. Kd2 Bxh6+ 28. Rxh6 Rxf1 29. Ke2 Rc1 30. Rh2 Rc8 31. Ke3 f6 32. Rhc2 Rxc2 33. Rxc2 Kf7 34. Rc7 Nf8 35. Bb2 h5 36. gxh5 gxh5 37. Ba3 Ke8 38. Kf4 Nd7 39. Bb4 Ne5 40. Bc3 Ng6+ 41. Kg3 Kf7 42. Bb4 Ke8 43. Ra7 h4+ 44. Kf2 h3 45. Kg3 Kf7 46. f4 f5 47. exf5 Bxf5 48. Bxd6 Ke6 49. Bb4 Kf7 50. Bc3 Nf8 51. Ra5 Kg6 52. Ra6+ Ne6 53. Be5 Kf7 54. Ra8 Nc5 55. Ra7 Ne4+ 56. Kh2 Ke6 57. Bb2 1-0

[Event "Early-Titled-Tuesday-Blitz-February-13-2024"]
[Site "Chess.com"]
[Date "2024.02.13"]
[Round "1"]
[White "twofoxniel"]
[Black "Charodej1"]
[Result "1-0"]
[WhiteElo "2612"]
[BlackElo "2250"]
[TimeControl "180+1"]
[EndTime "8:08:13 PST"]
[Termination "twofoxniel won by resignation"]

1. e4 c6 2. d4 d5 3. Nd2 dxe4 4. Nxe4 Nd7 5. Ng5 Ngf6 6. Bd3 e6 7. N1f3 Bd6 8. Qe2 O-O 9. Nxe6 fxe6 10. Qxe6+ Kh8 11.
Qxd6 Re8+ 12. Be3 Qa5+ 13. c3 Qd5 14. Qxd5 Nxd5 15. Kd2 N7f6 16. h3 b6 17. Rae1 Bb7 18. Bg5 Red8 19. Ne5 Kg8 20. Bc4 c5 21. dxc5 bxc5 22.
Kc1 Kf8 23. Rd1 Nb6 24. Rxd8+ Rxd8 25. Bf1 Rd5 26. Bxf6 gxf6 27. Nf3 Rf5 28. Be2 Nd5 29. Bd3 Rf4 30. Bxh7 f5 31. Bg6 Nf6 32. h4 Kg7 33. h5 Bxf3 34. gxf3 Rxf3 35. Rg1 Kh6 36. Rg2 Ng4 37.
Bxf5 Rxf5 38. Rxg4 Rxf2 39. Ra4 Rf7 40. Ra5 Rc7 41. Kc2 Kxh5 42. Kd3 Kg6 43. Kc4 Rb7 44. b3 Kf6 45. Rxc5 Ke6 46. b4 Kd6 47. a4 Rf7 48. a5 a6 49. Rd5+ Kc6 50. Rh5 Rf4+ 51. Kb3 Rf3 52. Rh6+ Kb7 53. Rb6+ Ka7 54. Rc6 Kb7 55. Rc5 Re3 56. Kc4 Re4+ 57. Kd5 Rh4 58. c4 Rh5+ 59. Kd4 Rh4+ 60. Kc3 Rh3+ 61. Kb2 Rh2+ 62.
Kb3 Rh3+ 63. Ka4 Rh1 64. b5 Ra1+ 65. Kb4 Rb1+ 66. Kc3 Rc1+ 67. Kb2 Rh1 68. b6 Rh3 69. Rc7+ Kb8 70. Ra7 1-0

[Event "Early-Titled-Tuesday-Blitz-February-13-2024"]
[Site "Chess.com"]
[Date "2024.02.13"]
[Round "1"]
[White "TrahtarBelarus"]
[Black "sjoerd893"]
[Result "1-0"]
[WhiteElo "2871"]
[BlackElo "2488"]
[TimeControl "180+1"]
[EndTime "8:08:15 PST"]
[Termination "TrahtarBelarus won by checkmate"]

1. a3 Nf6 2. Nf3 d5 3. d4 Bf5 4. Bf4 c6 5. e3 Qb6 6. Qc1 Nbd7 7. Nbd2 Nh5 8. Bg3 Nxg3 9. hxg3 h6 10. Bd3 Bxd3 11. cxd3 e6 12. g4 Be7 13. g5 h5 14.
g4 g6 15. gxh5 Rxh5 16. Rxh5 gxh5 17. Ke2 O-O-O 18. b4 Rh8 19. Qc2 Kb8 20. Rg1 a5 21. bxa5 Qxa5 22. g6 fxg6 23. Rxg6 Bf6 24. e4 h4 25. e5 Bd8 26. Rxe6 h3 27. Rd6 Nb6 28. Qb1 Bc7 29. Rg6 Na4 30. Qg1 Nc3+ 31. Ke3 Ka7 32. Rg8 Rxg8 33. Qxg8 Qxa3 34. Qh7 Bb6 35. Qxh3 Nd1+ 36.
Ke2 Nb2 37. Qh7 Qc3 38. e6 Qc2 39. e7 Qd1+ 40. Ke3 Bxd4+ 41. Kxd4 Qe2 42. Qf7 Qxd3+ 43.
Ke5 Qe2+ 44. Kd6 Qb5 45. e8=Q Qb4+ 46. Kd7 Nd3 47. Qfe7 Nc5+ 48. Kd6 Nd3+ 49. Ke6 Nc5+ 50. Kf7 Qf4+ 51. Qf6 Qg4 52. Qe3 Qh5+ 53. Qg6 Qh3 54. Qxc5+ b6 55. Qe7+ Ka6 56. Qd3+ b5 57. Qda3+ Kb6 58.
Qaa7# 1-0

[Event "Early-Titled-Tuesday-Blitz-February-13-2024"]
[Site "Chess.com"]
[Date "2024.02.13"]
[Round "1"]
[White "ValentinDragnev"]
[Black "Licancabur"]
[Result "1-0"]
[WhiteElo "2749"]
[BlackElo "2419"]
[TimeControl "180+1"]
[EndTime "8:08:16 PST"]
[Termination "ValentinDragnev won on time"]

1. d4 d5 2. Nf3 Nf6 3. Bf4 c5 4. e3 Nc6 5. Nbd2 Bg4 6. c3 cxd4 7. exd4 e6 8. Qb3 Qc8 9. Nh4 h6 10. h3 g5 11. Be5 Nxe5 12. dxe5 Nd7 13. hxg4 gxh4 14. Rxh4 Be7 15. Rh5 Qc7 16. Nf3 O-O-O 17. O-O-O Kb8 18. Qa4 Nc5 19. Qf4 Ne4 20. Qe3 Bc5 21.
Nd4 Rdg8 22. f3 Ng3 23. Rh3 Nxf1 24. Rxf1 Qb6 25. Kb1 Rc8 26. Rd1 a5 27. Rxh6 Rxh6 28. Qxh6 Ba3 29. Qd2 a4 30. Ka1 Bc5 31. a3 Be7 32.
Qc2 Rc4 33. Qh7 Bc5 34. Nc2 Qc7 35. Qh8+ Ka7 36. Qf6 Qb6 37. Qg5 Qb3 38. Qd2 Bb6 39.
Nb4 Ba5 40. Nd3 Bb6 41. Nc1 Qb5 42. Qc2 Ba5 43. Rd3 Qc5 44. Ne2 b5 45. Rd4 1-0

[Event "Early-Titled-Tuesday-Blitz-February-13-2024"]
[Site "Chess.com"]
[Date "2024.02.13"]
[Round "1"]
[White "DenLaz"]
[Black "pooh2012"]
[Result "1/2-1/2"]
[WhiteElo "3039"]
[BlackElo "2545"]
[TimeControl "180+1"]
[EndTime "8:08:17 PST"]
[Termination "Game drawn by repetition"]

1. d4 Nf6 2. c4 e6 3. Nf3 c5 4. d5 b5 5. dxe6 fxe6 6. cxb5 a6 7. e4 Nxe4 8. Bd3 Nf6 9. O-O Be7 10. Bg5 O-O 11. Qc2 h6 12. Bxf6 Bxf6 13. Nbd2 Qb6 14. Ne4 axb5 15. Nxc5 Nc6 16. a3 Nd4 17. Nxd4 Bxd4 18.
Nb3 Bf6 19. Qe2 Bb7 20. Rac1 Bc6 21. Nc5 Bd4 22. Nb3 Bf6 23. Rc2 b4 24. Nc5 bxa3 25.
bxa3 Rxa3 26. Be4 Bd4 27. Bxc6 Qxc6 28. Nb3 Qd5 29. Nxd4 Qxd4 30. Rd2 Qa7 31. Rfd1 Rf7 32. h4 Ra4 33. g3 Ra5 34. Qe4 Raf5 35. Qe1 h5 36. Kg2 d5 37. Re2 Qb7 38. Rb1 Qc6 39. Rc1 Qb7 40. Rb1 Qc6 41. Kg1 d4 42.
Rxe6 Qf3 43. Rb2 Kh7 44. Qe4 Qd1+ 45. Kg2 d3 46. Re5 Qg4 47. Qxg4 hxg4 48. Re4 Rd5 49. Rd2 Rc7 50. Re3 Rc3 51. Kf1 Kg6 52. Kg1 Kf5 53. Kg2 Rd4 54. Kg1 Rd5 55. Kg2 Rb3 56. Kf1 Rc3 57. Kg2 1/2-1/2

[Event "Early-Titled-Tuesday-Blitz-February-13-2024"]
[Site "Chess.com"]
[Date "2024.02.13"]
[Round "1"]
[White "JonasEilenberg"]
[Black "omer1997"]
[Result "1/2-1/2"]
[WhiteElo "2599"]
[BlackElo "2294"]
[TimeControl "180+1"]
[EndTime "8:08:17 PST"]
[Termination "Game drawn - insufficient material"]

1. d4 d5 2. Nf3 Nf6 3. c3 c6 4. Qc2 g6 5. h3 Bf5 6. Qb3 Qb6 7.
Bf4 Nbd7 8. Nbd2 Bg7 9. g4 Be4 10. Nxe4 Nxe4 11. e3 O-O 12. Bd3 Rfe8 13. Bxe4 dxe4 14.
Ng5 Qxb3 15. axb3 e5 16. dxe5 Nxe5 17. Bxe5 Rxe5 18. h4 a6 19. Ke2 h6 20. Nh3 Rd8 21. Rhd1 Red5 22. b4 Kf8 23. Nf4 R5d6 24. Rxd6 Rxd6 25. Rd1 Ke7 26. Rxd6 Kxd6 27. f3 Ke5 28.
Ng2 Kd5 29. fxe4+ Kxe4 30. Ne1 Bf6 31. Nf3 Bd8 32. h5 gxh5 33. gxh5 Kf5 34. Nd4+ Kg4 35. Nb3 Bb6 36. Nd2 Kxh5 37. Ne4 Kg4 38. Nd6 f5 39. Nxb7 h5 40. Nd6 h4 41. Nc4 Bc7 42. Nd2 Kg3 43. e4 h3 44. exf5 h2 45. Nf1+ Kg4 46. Nxh2+ Bxh2 47. f6 Kf5 48. f7 Bd6 49. Kd3 Ke6 50. Kc4 Kxf7 51. Kb3 Ke6 52. Ka4 Bc7 53. c4 Kd6 54. b5 axb5+ 55. cxb5 c5 56. b6 Bxb6 57. Kb5 Kd5 58. Kxb6 Kc4 59. Kc6 Kb4 60. Kd5 c4 61. Kd4 Kb3 62. Kc5 Kxb2 63. Kxc4 1/2-1/2

[Event "Early-Titled-Tuesday-Blitz-February-13-2024"]
[Site "Chess.com"]
[Date "2024.02.13"]
[Round "1"]
[White "KbzasDavid16"]
[Black "yuriydovzik"]
[Result "0-1"]
[WhiteElo "2554"]
[BlackElo "2116"]
[TimeControl "180+1"]
[EndTime "8:08:18 PST"]
[Termination "yuriydovzik won on time"]

1. d4 Nf6 2. c4 e6 3. Nf3 Bb4+ 4.
Bd2 Bxd2+ 5. Qxd2 d5 6. e3 O-O 7. Nc3 c6 8. Be2 Nbd7 9. O-O Ne4 10. Qc2 f5 11. b4 a6 12. b5 axb5 13. cxb5 c5 14.
dxc5 Nexc5 15. a4 b6 16. Nd4 Bb7 17. Bf3 Qf6 18. Rfb1 Ne5 19. Be2 Rfc8 20. Qd2 Ne4 21.
Nxe4 fxe4 22. Qb4 Nd3 23. Bxd3 exd3 24. f4 e5 25. fxe5 Qxe5 26. Qd2 Re8 27. Re1 Qe4 28. Ra3 Bc8 29. Qd1 Bg4 30. Qxd3 Qxd3 31. Rxd3 Rxa4 32. Nc6 Be6 33. Rd4 Rc4 34. Rxc4 dxc4 35. Ra1 Bd5 36. Kf2 Bxc6 37. bxc6 Rc8 38. Ke2 Rxc6 39. Kd2 c3+ 40.
Kc2 Kf7 41. Ra7+ Kf6 42. Rb7 h6 43. g3 g5 44. g4 Ke5 45. Re7+ Kd5 46. e4+ Kd4 47.
e5 Kd5 48. Re8 Re6 49. Rd8+ Kxe5 50. Kxc3 Kf4 51. Rd4+ Kf3 52. Kb4 Kg2 53. Kb5 Kxh2 54.
Rd2+ Kg3 55. Rd4 Rf6 56. Kc4 Rf4 0-1

[Event "Early-Titled-Tuesday-Blitz-February-13-2024"]
[Site "Chess.com"]
[Date "2024.02.13"]
[Round "1"]
[White "mbachez"]
[Black "David_George21"]
[Result "1-0"]
[WhiteElo "2609"]
[BlackElo "2242"]
[TimeControl "180+1"]
[EndTime "8:08:19 PST"]
[Termination "mbachez won on time"]

1. e4 c5 2. Nf3 d6 3. Bc4 Nf6 4. d3 Nc6 5. c3 e6 6. Bb3 Be7 7.
O-O O-O 8. Re1 h6 9. d4 cxd4 10.
cxd4 d5 11. e5 Ne4 12. Bc2 Ng5 13. Bxg5 hxg5 14. Nc3 g4 15. Qd3 g6 16. a3 gxf3 17. gxf3 Bh4 18. Kh1 Bxf2 19. Re2 Bxd4 20. Rg2 Qh4 21.
Rg4 Nxe5 22. Rxh4 Nxd3 23. Rxd4 Nxb2 24. Rg1 Kg7 25. Rdg4 Nc4 26. Nb5 Rg8 27. Bxg6 Kf8 28. Bh5 Rxg4 29. Rxg4 Bd7 30. Nd6 Ne5 31. Rf4 Ke7 32.
Nxf7 Nd3 33. Rh4 Rf8 34. Ng5 Nf4 35. Bg4 Kd6 36. Rh7 Bc6 37. Nf7+ Kc5 38. Ne5 d4 39. Rc7 Kd6 40. Rf7 Rxf7 41. Nxf7+ Kd5 42. Ng5 d3 43.
Ne4 Kd4 44. Kg1 Bxe4 45. fxe4 Kxe4 46. Kf2 Kd4 47. h4 e5 48. Kg3 Ke3 49. h5 Ne2+ 50. Kg2 1-0

[Event "Early-Titled-Tuesday-Blitz-February-13-2024"]
[Site "Chess.com"]
[Date "2024.02.13"]
[Round "1"]
[White "lachesisQ"]
[Black "DIMONBANAN"]
[Result "0-1"]
[WhiteElo "3050"]
[BlackElo "2556"]
[TimeControl "180+1"]
[EndTime "8:08:21 PST"]
[Termination "DIMONBANAN won by resignation"]

1. e4 e5 2. f4 exf4 3. Nf3 h6 4. d4 g5 5. g3 fxg3 6. hxg3 Bg7 7. Nc3 d6 8. Be3 Bg4 9. Be2 Nd7 10. Qd2 Ne7 11.
O-O-O c6 12. Kb1 Qc7 13. Rhf1 O-O-O 14. d5 c5 15. e5 Bxf3 16. exd6 Qxd6 17. Bxf3 f5 18.
Be2 a6 19. g4 f4 20. Bg1 Rhe8 21. Ne4 Qe5 22. Nc3 Nxd5 23. Qxd5 Qxd5 24. Rxd5 Bxc3 25. Bd3 Bd4 26. Bxd4 cxd4 27. Bf5 Kc7 28. Rxd4 Nf6 29. Rc4+ Kb8 30. a3 h5 31. gxh5 Nxh5 32. Bg6 Ng3 33. Rf3 Re3 34. Rf2 Re2 35. Rf3 Re3 36.
Rf2 f3 37. Bd3 Nh1 38. Rf1 f2 39. Ka2 Re1 40. Re4 Rxe4 41. Bxe4 Ng3 42. Rxf2 Nxe4 43. Rg2 Rg8 44. Re2 Nf6 45. Rf2 Nd5 46. Rd2 Nf6 47. Rf2 Ne4 48. Re2 Nc5 49. b4 Nd7 50. Rd2 Kc7 51.
Kb3 g4 52. c4 g3 53. Rg2 Nf6 54. Ka4 Nh5 55. b5 axb5+ 56. cxb5 Nf4 57. Rc2+ Kb8 58. Ka5 g2 59. Rc1 g1=Q 60. Rxg1 Rxg1 61. a4 Ne6 62. Kb6 Rg6 63. a5 Nc7+ 64. Kc5 Nxb5 65. Kxb5 Ka7 66.
Kc5 Ka6 67. Kb4 Rg4+ 68. Kc5 Kxa5 0-1

[Event "Early-Titled-Tuesday-Blitz-February-13-2024"]
[Site "Chess.com"]
[Date "2024.02.13"]
[Round "1"]
[White "arturdailima"]
[Black "Evgeny81"]
[Result "1/2-1/2"]
[WhiteElo "2396"]
[BlackElo "2707"]
[TimeControl "180+1"]
[EndTime "8:08:21 PST"]
[Termination "Game drawn by repetition"]

1. e4 c5 2. Nf3 Nc6 3. Bb5 e5 4. O-O Bd6 5. Re1 Nf6 6. c3 a6 7. Bf1 O-O 8. d4 cxd4 9. cxd4 Re8 10. Nc3 h6 11. h3 exd4 12. Nxd4 Nxd4 13. Qxd4 Qc7 14.
Be3 Be5 15. Nd5 Nxd5 16. Qxd5 Bxb2 17. Rab1 Bf6 18. Bc4 d6 19. Rec1 Qe7 20. f3 Rb8 21. Ba7 Be6 22. Qd3 Rbc8 23. Bd5 b5 24. Be3 Bxd5 25. Qxd5 Qe6 26. Rxc8 Rxc8 27. Qb7 Rc2 28. Qxa6 Rxa2 29. Qxb5 Be5 30. Qb3 Qxb3 31. Rxb3 Bg3 32. Rb1 g5 33. Rf1 Re2 34. Bf2 Be5 35. Rd1 Kg7 36. Kf1 Ra2 37. Bd4 Kg6 38. Bxe5 dxe5 39. Rd6+ f6 40. Kg1 h5 41. Kh2 Ra3 42. Kg3 Ra2 43. Rd8 Re2 44. Rg8+ Kf7 45. Ra8 Kg6 46. Rg8+ Kf7 47. Rh8 h4+ 48. Kh2 Ke7 49. Ra8 Rd2 50.
Ra7+ Ke6 51. Ra6+ Rd6 52. Ra8 Rc6 53. Rd8 Rd6 54. Re8+ Kd7 55. Rf8 Kc6 56. Kg1 Kc5 57. Kf1 Kd4 58. Kf2 Kd3 59. Ra8 Rc6 60. Rd8+ Kc3 61.
Ke3 Kc4 62. Rd5 Kc3 63. Ke2 Kc4 64. Ke3 Ra6 65. Kf2 Ra2+ 66. Kg1 Ra1+ 67. Kh2 Ra6 68. Kg1 Ra1+ 69. Kh2 Ra6 70. Kg1 Re6 71. Kf2 Ra6 72.
Kf1 Rb6 73. Kf2 Rb2+ 74. Kg1 Rb1+ 75. Kf2 Rb2+ 76. Kg1 Rb1+ 77. Kh2 Rb6 78. Kg1 Ra6 79. Kf2 Ra2+ 80. Kf1 Ra1+ 81. Kf2 Ra2+ 1/2-1/2

[Event "Early-Titled-Tuesday-Blitz-February-13-2024"]
[Site "Chess.com"]
[Date "2024.02.13"]
[Round "1"]
[White "ExtremeLearner"]
[Black "JonaszBaum"]
[Result "1-0"]
[WhiteElo "2361"]
[BlackElo "2654"]
[TimeControl "180+1"]
[EndTime "8:08:22 PST"]
[Termination "ExtremeLearner won by resignation"]

1. d4 e6 2. c4 b6 3. e4 Bb7 4. Bd3 Nc6 5. Nf3 Nb4 6. O-O Nxd3 7. Qxd3 Be7 8. Nc3 d6 9. Re1 Nf6 10. b3 O-O 11. Bg5 h6 12. Bxf6 Bxf6 13. Rad1 Qd7 14. e5 Be7 15. d5 exd5 16. cxd5 dxe5 17. Nxe5 Qd8 18. Nc6 Bxc6 19. dxc6 Qxd3 20. Rxd3 Bb4 21. Red1 Bxc3 22. Rxc3 Rad8 23. Rd7 Rfe8 24. g3 Rc8 25. Rf3 f6 26. Rf4 Kf8 27. Rg4 g5 28. Rgd4 Re7 29. Kg2 Rce8 30. b4 a6 31. h4 Kf7 32. h5 Rxd7 33. Rxd7+ Re7 34. Rd8 Re8 35. Rd7+ Re7 36.
Rd8 Ke6 37. Kf3 Ke5 38. a4 b5 39. a5 Re6 40. Rh8 Rxc6 41. Rxh6 Rc4 42. Rh7 Rxb4 43.
Rxc7 g4+ 44. Kg2 Rd4 45. h6 Rd8 46. Rc6 Kd4 47. Rxa6 b4 48. Rb6 Kc3 49. a6 b3 50.
a7 b2 51. Rb8 Rh8 52. a8=Q b1=Q 53. Qc6+ Kd4 54. Rxb1 1-0

[Event "Early-Titled-Tuesday-Blitz-February-13-2024"]
[Site "Chess.com"]
[Date "2024.02.13"]
[Round "1"]
[White "Barmen_EV"]
[Black "scarabee43"]
[Result "0-1"]
[WhiteElo "2487"]
[BlackElo "2871"]
[TimeControl "180+1"]
[EndTime "8:08:24 PST"]
[Termination "scarabee43 won by checkmate"]

1. e4 c5 2. c3 d5 3. exd5 Qxd5 4. d4 Nf6 5. Nf3 e6 6. Be3 Nc6 7. Bd3 cxd4 8. cxd4 Be7 9. Nc3 Qd8 10. O-O O-O 11. Bb1 b6 12. Re1 Bb7 13. a3 Rc8 14. Qd3 g6 15. Bh6 Re8 16. Ba2 Bf8 17. Bg5 h6 18.
Bh4 Bg7 19. Rad1 Ne7 20. Ne5 Nf5 21. Bg3 Nd5 22. Ne4 h5 23. h4 Bh6 24. Kh2 Bf4 25.
Nf3 Nxh4 26. Bxd5 exd5 27. Nc3 Bxg3+ 28. fxg3 Nf5 29. Ne5 Qg5 30. Rf1 Kg7 31. Nb5 Ba6 32. a4 Re7 33. Qf3 Bxb5 34. axb5 Ne3 35. Nxf7 Ng4+ 36.
Kh1 Qe3 37. Ne5 Qxf3 38. Rxf3 Nxe5 39. dxe5 Rxe5 40. Rfd3 Rd8 41. Kg1 Rd7 42. Rd4 Kf7 43.
b4 Ke6 44. Kf2 Re4 45. Rxe4+ dxe4 46. Rxd7 Kxd7 47. Ke3 Kd6 48. Kxe4 Ke6 49. Kf4 Kf6 50. Ke4 Kg5 51. Kf3 Kf5 52. g4+ hxg4+ 53. Kf2 Kf4 54. g3+ Ke4 55. Ke2 g5 56. Kf2 Kd3 57. Kg2 Ke3 58. Kh2 Kf3 59. Kg1 Kxg3 60. Kh1 Kf4 61.
Kg2 Ke4 62. Kg3 Kd4 63. Kxg4 Kc4 64. Kxg5 Kxb4 65. Kf4 Kxb5 66. Ke4 Kc4 67. Ke3 Kc3 68. Ke4 b5 69. Kd5 b4 70. Kc5 b3 71. Kc6 b2 72.
Kb7 b1=Q+ 73. Ka8 Qb5 74. Kxa7 Kc4 75. Ka8 Kc5 76. Ka7 Kc6 77. Ka8 Qb7# 0-1

[Event "Early-Titled-Tuesday-Blitz-February-13-2024"]
[Site "Chess.com"]
[Date "2024.02.13"]
[Round "1"]
[White "Sofia_Blokhin"]
[Black "bipe137"]
[Result "1/2-1/2"]
[WhiteElo "2239"]
[BlackElo "2597"]
[TimeControl "180+1"]
[EndTime "8:08:24 PST"]
[Termination "Game drawn - insufficient material"]

1. d4 d5 2. c4 e6 3. Nc3 a6 4. cxd5 exd5 5. e3 Nf6 6. Nf3 Bd6 7. Bd3 O-O 8. O-O Re8 9. Re1 c6 10. Qc2 Bg4 11. e4 dxe4 12. Nxe4 Nxe4 13. Bxe4 h6 14.
Bd2 Nd7 15. h3 Be6 16. Bc3 Nf6 17. Bd3 Nd5 18. Rad1 Nf4 19. Be4 Qc8 20. b4 Bxh3 21.
gxh3 Qxh3 22. Ne5 Bxe5 23. dxe5 Re6 24. f3 Qg3+ 25. Kf1 Qh3+ 26. Kg1 Qg3+ 27. Kf1 Rae8 28. Qf2 Qh3+ 29. Kg1 Qh5 30. Qg3 Ng6 31. Rd6 a5 32.
Rxe6 Rxe6 33. Rd1 axb4 34. Bb2 Re8 35. Bxg6 fxg6 36. Rd6 Qf5 37. Bd4 c5 38. Bf2 g5 39.
e6 Rxe6 40. Rxe6 Qxe6 41. Qb8+ Kh7 42. Qxb7 Qd6 43. Qe4+ Kg8 44. Qe8+ Kh7 45. Qe4+ g6 46. Qc4 h5 47. Qxc5 Qd1+ 48. Kg2 g4 49. fxg4 Qxg4+ 50. Kh2 Qf4+ 51. Bg3 Qd2+ 52. Kh3 Qd7+ 53. Kh2 Qd2+ 54.
Kh3 Qd7+ 55. Kg2 Qb7+ 56. Kh2 Qe4 57. Qc7+ Kh6 58. Qf4+ Qxf4 59. Bxf4+ g5 60. Bd2 Kg6 61.
Bxb4 Kf5 62. Kg3 Ke6 63. a4 Kd7 64. a5 Kc8 65. Be7 Kb7 66. Bxg5 Ka8 67. Kh4 Kb7 68.
Kxh5 Ka8 69. Kg4 Kb7 70. a6+ Ka8 71. a7 Kxa7 1/2-1/2

[Event "Early-Titled-Tuesday-Blitz-February-13-2024"]
[Site "Chess.com"]
[Date "2024.02.13"]
[Round "1"]
[White "jeetjain"]
[Black "VitaliyBernadskiy"]
[Result "1-0"]
[WhiteElo "2517"]
[BlackElo "2894"]
[TimeControl "180+1"]
[EndTime "8:08:25 PST"]
[Termination "jeetjain won on time"]

1. Nf3 d5 2. d4 Nf6 3. Bf4 Bf5 4.
e3 e6 5. Bd3 Bg6 6. O-O Nbd7 7.
c4 dxc4 8. Bxc4 Bd6 9. Bg3 O-O 10. Nc3 a6 11. a4 Qe7 12. Qe2 Bh5 13. Qc2 Bxf3 14. gxf3 c5 15. dxc5 Nxc5 16. Rfd1 Rfd8 17. Bxd6 Rxd6 18. Rxd6 Qxd6 19. Rd1 Qb6 20. Be2 h6 21. f4 Rc8 22. Bf3 Qb4 23. Rd4 Qb6 24. Ne4 Nfxe4 25. Bxe4 a5 26. Rc4 Rc7 27. Bxb7 Qxb7 28. Rxc5 Rxc5 29.
Qxc5 Qxb2 30. Qxa5 Qb1+ 31. Kg2 Qe4+ 32. Kf1 Qh1+ 33.
Ke2 Qxh2 34. Qb5 f5 35. Qe8+ Kh7 36. Qxe6 Qh5+ 37. Kd2 Qg4 38. a5 h5 39. a6 Qf3 40.
Qxf5+ g6 41. Qf7+ Kh6 42. Qf8+ Kh7 43. Qe7+ Kh6 44. Qg5+ Kh7 45. Qe7+ Kh6 46. a7 Qxf2+ 47. Kd3 Qf1+ 48. Kd4 Qa1+ 49. Ke4 Qb1+ 50. Ke5 Qa1+ 51. Ke6 Qa3 52. Qxa3 1-0

[Event "Early-Titled-Tuesday-Blitz-February-13-2024"]
[Site "Chess.com"]
[Date "2024.02.13"]
[Round "1"]
[White "emeli_chess"]
[Black "luckyswitchback"]
[Result "1-0"]
[WhiteElo "2375"]
[BlackElo "2673"]
[TimeControl "180+1"]
[EndTime "8:08:25 PST"]
[Termination "emeli_chess won on time"]

1. d4 d5 2. c4 e6 3. Nc3 c6 4. e3 Nf6 5. Nf3 Nbd7 6. Bd3 dxc4 7. Bxc4 b5 8. Bd3 Bb7 9. O-O a6 10. e4 c5 11. d5 Qc7 12. Bc2 Bd6 13. dxe6 fxe6 14.
Ng5 Bxh2+ 15. Kh1 Qd6 16. f4 Qxd1 17. Rxd1 Bg3 18. Nxe6 Kf7 19. Ng5+ Ke7 20. e5 Ng4 21. Rxd7+ Kxd7 22. Bf5+ Kc7 23. Bxg4 h6 24. Nge4 h5 25. Bf3 h4 26. Nxc5 Bxf3 27. gxf3 Kc6 28. N5e4 Rad8 29.
Kg2 h3+ 30. Kxg3 h2 31. Be3 h1=Q 32. Rxh1 Rxh1 33. Nd6 b4 34. Nce4 Ra1 35. a3 bxa3 36. bxa3 Rxa3 37. Bb6 Kxb6 38. Nc4+ Kb5 39. Nxa3+ Kb4 40.
Nc2+ Kb3 41. Nc5+ Kxc2 42. Nxa6 Kc3 43. Nc5 Kc4 44. Ne6 Rd7 45. Kg4 Kd5 46. Ng5 g6 47. Ne4 Rf7 48. Nf6+ Ke6 49. Kg5 Rg7 50. Kh6 Rb7 51. Kxg6 Rb3 52. Ne4 Re3 53. Ng5+ Kd5 54. Kf6 Re2 55. e6 Kd6 56. f5 1-0

[Event "Early-Titled-Tuesday-Blitz-February-13-2024"]
[Site "Chess.com"]
[Date "2024.02.13"]
[Round "1"]
[White "baki83"]
[Black "marik_spb"]
[Result "1/2-1/2"]
[WhiteElo "2859"]
[BlackElo "2493"]
[TimeControl "180+1"]
[EndTime "8:08:29 PST"]
[Termination "Game drawn by agreement"]

1. e4 c6 2. Nf3 d5 3. Nc3 dxe4 4. Nxe4 Nf6 5. Qe2 Nxe4 6. Qxe4 Qd5 7. Bd3 Qxe4+ 8. Bxe4 Nd7 9. d4 Nf6 10. Bd3 Bg4 11.
Ne5 Bh5 12. c3 e6 13. h3 Bd6 14. Bf4 O-O-O 15. Bc2 Bxe5 16. Bxe5 Nd7 17. Bg3 c5 18. Rc1 Bg6 19. Ba4 Be4 20. Bxd7+ Rxd7 21. f3 Bc6 22. dxc5 Rd5 23. Bd6 b6 24. c4 Rg5 25. Kf2 bxc5 26. h4 Rh5 27. g4 Rh6 28. Bxc5 Rf6 29. Rc3 h5 30. Bd4 Rg6 31. g5 f6 32. Be3 a6 33.
Rd1 Rd8 34. Rxd8+ Kxd8 35. Rd3+ Kc7 36. f4 fxg5 37. hxg5 e5 38. fxe5 Re6 39. Kg3 Be4 40.
Rd4 Bb1 41. a3 Kc6 42. b4 Rxe5 43. Bf4 Re2 44. a4 Re4 45. Rxe4 Bxe4 46. Be3 Bd3 47. b5+ Kb7 48. c5 axb5 49. axb5 Bxb5 50. Kf4 g6 51. Ke4 Ba4 52. Bf2 Kc6 53. Ke5 Bc2 54. Kf6 Bb1 55. Kg7 Bf5 56. Kh6 Kd5 57. Kg7 Ke6 58.
Bg3 Kd5 59. Bf2 Bb1 60. Kf6 Kc6 61. Ke5 Bf5 62. Kd4 Bc8 63. Ke5 Bf5 64. Kf6 Bd3 65.
Ke5 1/2-1/2

[Event "Early-Titled-Tuesday-Blitz-February-13-2024"]
[Site "Chess.com"]
[Date "2024.02.13"]
[Round "1"]
[White "CFalcons8"]
[Black "Aslanov_Umid"]
[Result "1-0"]
[WhiteElo "2367"]
[BlackElo "2665"]
[TimeControl "180+1"]
[EndTime "8:08:29 PST"]
[Termination "CFalcons8 won by checkmate"]

1. e4 c5 2. Nf3 d6 3. d4 cxd4 4.
Nxd4 Nf6 5. Nc3 a6 6. h3 e6 7. g4 Be7 8. Bg2 Nfd7 9. Be3 Nc6 10.
Qe2 O-O 11. f4 Nxd4 12. Bxd4 b5 13. O-O-O Bb7 14. g5 Qa5 15. a3 b4 16. Nb1 bxa3 17.
Nxa3 Rac8 18. Kb1 Nc5 19. h4 e5 20. fxe5 dxe5 21. Bxe5 Na4 22. Nc4 Qb5 23. Bf1 Bb4 24. Rh3 Rfe8 25. Rb3 a5 26. Nd6 Qxe5 27. Nxe8 Qxe8 28.
Bh3 Rxc2 29. Kxc2 Bxe4+ 30. Rbd3 Nc5 31. Kc1 Nxd3+ 32. Rxd3 Qc6+ 33. Kd1 Qa4+ 34. Kc1 Bxd3 35. Qxd3 Qc6+ 36. Kb1 a4 37. Bd7 Qh1+ 38. Ka2 Qxh4 39. Bxa4 Qxg5 40. Bb3 Qa5+ 41. Kb1 Bf8 42. Qd7 Qh5 43. Bd5 Qd1+ 44. Ka2 Qf1 45. Kb3 Qd3+ 46. Ka4 Qd4+ 47. Kb3 Qf6 48. Kc4 h5 49. b4 Qf4+ 50. Kd3 Bxb4 51. Qe8+ Bf8 52. Qd7 h4 53. Be4 Qh6 54.
Qf5 h3 55. Bd5 Qh7 56. Bxf7+ Kh8 57. Bg6 Qh6 58. Qxf8# 1-0

[Event "Early-Titled-Tuesday-Blitz-February-13-2024"]
[Site "Chess.com"]
[Date "2024.02.13"]
[Round "1"]
[White "TRadjabov"]
[Black "sotochess"]
[Result "1-0"]
[WhiteElo "3029"]
[BlackElo "2536"]
[TimeControl "180+1"]
[EndTime "8:08:30 PST"]
[Termination "TRadjabov won on time"]

1. e4 d5 2. exd5 Qxd5 3. Nc3 Qa5 4. Nf3 Nf6 5. Be2 c6 6. O-O Bg4 7. d4 Nbd7 8. Bd2 Qb6 9. Na4 Qc7 10. h3 Bh5 11. Re1 e6 12. c4 Be7 13. Nc3 O-O 14.
Qc1 Rfe8 15. a3 a5 16. c5 Bxf3 17. Bxf3 e5 18. b4 exd4 19. Bf4 Qd8 20. Ne2 d3 21.
Ng3 axb4 22. axb4 Bf8 23. Rxa8 Qxa8 24. Rd1 Qa4 25. Qd2 h6 26. Rb1 b6 27. cxb6 Nxb6 28. Qxd3 Nbd5 29. Bd2 Rb8 30. Qc4 Qb5 31. Qxb5 Rxb5 32.
Be2 Rb8 33. b5 cxb5 34. Rxb5 Rxb5 35. Bxb5 g6 36. Bc4 Kg7 37. Kf1 Bd6 38. Ne2 Be5 39. f3 h5 40. g4 hxg4 41. hxg4 Nb6 42. Bb3 Nfd5 43. Kf2 f5 44. f4 Ba1 45. g5 Bb2 46.
Kf3 Ba1 47. Ba5 Bb2 48. Ba2 Ba1 49. Be1 Bb2 50. Bf2 Kh7 51. Bb3 Ba1 52. Nd4 Bc3 53.
Ne6 Bb2 54. Bc5 Ba1 55. Bd6 Bb2 56. Bf8 Ba1 57. Bh6 Kg8 58. Nc7 1-0

[Event "Early-Titled-Tuesday-Blitz-February-13-2024"]
[Site "Chess.com"]
[Date "2024.02.13"]
[Round "1"]
[White "Sanan_Sjugirov"]
[Black "SHIVACalypso"]
[Result "1-0"]
[WhiteElo "2992"]
[BlackElo "2528"]
[TimeControl "180+1"]
[EndTime "8:08:31 PST"]
[Termination "Sanan_Sjugirov won by resignation"]

1. e4 e6 2. d4 d5 3. e5 c5 4. c3 Nc6 5. Nf3 Bd7 6. Be2 f6 7. O-O fxe5 8. dxe5 Nh6 9. Re1 Nf7 10. c4 d4 11.
Nbd2 Qc7 12. Ne4 Be7 13. Bf4 O-O 14. Bg3 Nfxe5 15. Nxe5 Nxe5 16. Bd3 h6 17. Nxc5 Bxc5 18. Bxe5 Bd6 19. Qh5 Bxe5 20. Rxe5 Rf6 21. Rae1 Raf8 22. f3 Qb6 23. b3 Qb4 24. Qh4 Qc3 25. Rd1 Bc6 26.
Qe1 Qxe1+ 27. Rdxe1 Kf7 28. h4 Rd8 29. Kf2 a6 30. b4 Rd6 31. a3 Rf4 32. Kg3 Rf6 33. R1e2 Rd8 34. Kf2 Rd6 35. h5 Ke7 36. Re1 Rd8 37. Kg3 Kd6 38. R5e2 Rdf8 39. Be4 Re8 40. Bg6 Ref8 41. Be4 Re8 42. Bxc6 bxc6 43. Re4 e5 44.
Rxd4+ exd4 45. Rxe8 c5 46. Rd8+ Kc7 47. Rd5 cxb4 48.
axb4 Rb6 49. b5 axb5 50. cxb5 d3 51. Rxd3 Rxb5 52. Kg4 Re5 53. f4 Rc5 54. g3 Kc6 55.
Rd8 Kb6 56. Rg8 Rc7 57. Kf5 Kc6 58. Kg6 Kd6 59. Rxg7 Rc3 60. Kxh6 Ke6 61. g4 Rc6 62. f5+ Kf6 63. Rg6+ 1-0